 Dungeon Crawl Stone Soup version 0.25-a0-51-gc466198 (webtiles) character file.

Game seed: 11980494336385727161, levelgen mode: deterministic

30 BoppinsLewinski the Ducker (level 3, 0/21 HPs)
             Began as a Deep Elf Gladiator on Oct 25, 2019.
             Slain by a jackal (1 damage)
             ... on level 2 of the Dungeon.
             The game lasted 00:02:04 (922 turns).

BoppinsLewinski the Ducker (Deep Elf Gladiator)      Turns: 922, Time: 00:02:05

Health: 0/21       AC:  5    Str: 12    XL:     3   Next: 5%
Magic:  5/5        EV: 14    Int: 12    God:
Gold:   26         SH:  0    Dex: 16    Spells: 2/2 levels left

rFire    . . .     SeeInvis .   a - +0 war axe
rCold    . . .     Gourm    .   (no shield)
rNeg     . . .     Faith    .   b - +0 leather armour
rPois    .         Spirit   .   c - +0 helmet
rElec    .         Reflect  .   (no cloak)
rCorr    .         Harm     .   (no gloves)
MR       .....                  j - +0 pair of boots
Stlth    +.........             (no amulet)
HPRegen  0.07/turn              (no ring)
MPRegen  0.09/turn              (no ring)

@: no status effects
A: no striking features
a: no special abilities


You were on level 2 of the Dungeon.
You were not hungry.

You visited 1 branch of the dungeon, and saw 2 of its levels.

You collected 26 gold pieces.

Inventory:

Hand Weapons
 a - a +0 war axe (weapon)
Missiles
 d - 3 throwing nets (quivered)
Armour
 b - a +0 leather armour (worn)
 c - a +0 helmet (worn)
 j - a +0 pair of boots (worn)
Scrolls
 e - 3 scrolls of random uselessness {unknown}
 h - a scroll of amnesia {unknown}
 i - 2 scrolls of teleportation {unknown}
 l - a scroll of identify {unknown}
Potions
 g - a potion of heal wounds {unknown}
Comestibles
 f - 3 rations


   Skills:
 + Level 1.9 Fighting
 * Level 2.9 Axes
 - Level 2.0 Throwing
 + Level 0.7 Armour
 + Level 4.0 Dodging


You had 2 spell levels left.
You didn't know any spells.
Your spell library was empty.

Dungeon Overview and Level Annotations

Branches:
Dungeon (2/15)

Altars:
Trog


Message History

Tha jackal misses ye. x2
Tha jackal misses ye.
Tha jackal bites ye.
* * * LOW HITPOINT WARNIN'
* * * Tha jackal completely misses ye.
Tha jackal barely misses ye.
Tha jackal closely misses ye.
Tha jackal barely misses ye.
Tha jackal misses ye.
Tha jackal closely misses ye.
Tha jackal closely misses ye.
Tha jackal bites ye.
* * * LOW HITPOINT WARNIN'
* * * Tha jackal misses ye.
Tha jackal bites ye but does nay damage.
Tha jackal misses ye.
Tha jackal barely misses ye.
Tha jackal closely misses ye.
Tha jackal closely misses ye.
Tha jackal bites ye.
* * * LOW HITPOINT WARNIN'
* * * Tha jackal closely misses ye.
Tha jackal bites ye.
Ye die...

##.# +.####.# #..#
#[...#.#
#..######.##.#.#
####..........#.#.#
##..[.#....#.......#
.####.#...###....#.#
..###.##### #.####.#
...##.# #†####.#####
_†..#.#######.##@..†...#
....).........##h#.###.#
.†#.#####.######.#.###.#
.##..##..... #!#..##$#
##....#..... #.##.##.#
#...........# #.......#
......#.....# ####.####
.....##.....# #..#
....## ##### #.##


You could see a jackal.

Vanquished Creatures
  An ooze (D:1)
  A leopard gecko (D:1)
  An orc (D:2)
  3 bats
  3 goblins
  2 hobgoblins (D:1)
  A jackal (D:2)
  2 kobolds (D:1)
  2 quokkas (D:2)
  A ball python (D:2)
  A frilled lizard (D:2)
  4 rats
22 creatures vanquished.

Notes
Turn   | Place    | Note
-------+----------+-------------------------------------------
     0 | D:1      | BoppinsLewinski the Deep Elf Gladiator began the quest for
                  | the Orb.
     0 | D:1      | Reached XP level 1. HP: 12/12 MP: 3/3
   241 | D:1      | Reached XP level 2. HP: 16/17 MP: 4/4
   654 | D:2      | Found a bloodstained altar of Trog.
   820 | D:2      | Reached skill level 4 in Dodging
   847 | D:2      | Reached XP level 3. HP: 11/21 MP: 5/5
   920 | D:2      | HP: 1/21 [jackal (1)]
   922 | D:2      | Slain by a jackal

Levels and vault maps discovered:
D:1:      dpeg_arrival_simpleton_a, layout_loops_cross, minivault_11
D:2:      layout_loops_cross, general_overflow_altar,
          lemuel_zombie_altar_kikubaaqudgha, trog_butcher_becter

Skill      XL: |  1  2 |
---------------+-------+-----
Dodging        | 4 |  4.0
Fighting       | |  1.9
Axes           | |  2.9
Throwing       | |  2.0
Armour         | |  0.7

Action                   || total
-------------------------++-------
Melee: War axe           ||    73
 Stab: Sleeping          ||     1
Armor: Leather armour    ||    47
Dodge: Dodged            ||   128

Table legend:
 A = Non-vault XP
 B = Vault XP
 C = Vault XP percentage of total XP
 D = Non-vault monster count
 E = Vault monster count
 F = Vault count percentage of total count
                 A         B        C        D         E       F
            +---------+---------+-------+---------+---------+-------
      Total |      36 |       8 |  18.2 |      18 |       4 |  18.2
            +---------+---------+-------+---------+---------+-------
        D:1 |      25 |       0 |   0.0 |      11 |       0 |   0.0
        D:2 |      11 |       8 |  42.1 |       7 |       4 |  36.4
            +---------+---------+-------+---------+---------+-------
